 Dungeon Crawl Stone Soup version 0.17-a0-1629-g32e70c7 (webtiles) character file.

427 KINGKRU the Archer (level 6, -4/41 HPs)
             Began as a High Elf Hunter on Aug 1, 2015.
             Was a Follower of Yredelemnul.
             Slain by an orc
             ... wielding a +0 flail
              (8 damage)
             ... on level 3 of the Dungeon on Aug 2, 2015.
             The game lasted 00:31:28 (4749 turns).

KINGKRU the Archer (High Elf Hunter)                Turns: 4749, Time: 00:31:28

Health: -4/41      AC:  3    Str: 10 (11) XL:     6   Next: 65%
Magic:  7/7        EV: 14    Int: 15      God:    Yredelemnul [*.....]
Gold:   101        SH:  0    Dex: 18      Spells: 0 memorised, 5 levels left

rFire  . . .     SeeInvis .     e - +1 spear (venom)
rCold  . . .     Clarity  .     d - +0 leather armour
rNeg   + . .     SustAt   .     (no shield)
rPois  .         Gourm    .     (helmet restricted)
rElec  .         Spirit   .     (no cloak)
rCorr  .         Warding  .     (no gloves)
rMut   .         Stasis   .     (no boots)
MR     .....                    (no amulet)
Stlth  ++........               (no ring)
                                k - ring of positive energy

@: not resistant to hostile enchantments, unstealthy
A: horns 1, blurry vision 1, evolution 1
a: Animate Remains, Renounce Religion


You were on level 3 of the Dungeon.
You worshipped Yredelemnul.
Yredelemnul was aware of your devotion.
You were not hungry.

You visited 1 branch of the dungeon, and saw 4 of its levels.

You collected 101 gold pieces.

Inventory:

Hand weapons
 a - a +2 shortbow
 c - a +0 short sword
 e - a +1 spear of venom (weapon)
 u - a +0 blowgun
Missiles
 b - 4 arrows
 f - 4 poisoned arrows (quivered)
 l - 5 poisoned needles
 r - 19 bolts of frost
 t - 8 curare-tipped needles
Armour
 d - a +0 leather armour (worn)
Jewellery
 k - a ring of positive energy (left hand)
 v - an uncursed ring of ice
Scrolls
 i - 3 scrolls of identify
 w - 2 scrolls of random uselessness {unknown}
Potions
 j - a potion of degeneration
 q - a potion of poison {unknown}
 x - a potion of lignification
 z - a potion of flight
Comestibles
 m - 2 meat rations
 s - a bread ration


   Skills:
 + Level 2.5 Fighting
 + Level 1.0 Polearms
 + Level 8.0 Bows
 + Level 1.8 Armour
 + Level 3.9 Dodging
 * Level 3.2 Stealth


You had 5 spell levels left.
You didn't know any spells.

Dungeon Overview and Level Annotations

Branches:
Dungeon (4/15)
 Temple: D:4-7

Altars:
Cheibriados
Elyvilon
Fedhas
Gozag
Qazlal
Sif Muna
Xom
Yredelemnul
Zin

Shops:
D:3 *


Innate Abilities, Weirdness & Mutations

You have a pair of small horns on your head.
Scrolls take you a little longer to read.
You evolve.


Message History

* * * LOW HITPOINT WARNING * * *
The orc hits you but does no damage. The orc hits you but does no damage.
The orc hits you but does no damage. The orc hits you but does no damage.
Your transformation is almost over.
The orc hits you but does no damage. The orc hits you but does no damage.
The orc hits you but does no damage. The orc hits you but does no damage.
The orc barely misses you. The orc hits you with a flail.
* * * LOW HITPOINT WARNING * * *
The orc hits you but does no damage. The orc hits you but does no damage.
You feel less woody.
Your +0 leather armour unmelds from your body.
The orc hits you with a flail!
You die...
Your body rises from the dead as a mindless zombie.

.≈..# ##.## .. ....#
#.# #.# .≈.## #.# #.#
≈≈.# ##'## #.# ...#
##...###.# ####
##.....##.# # ##
##.......#.# .#.#
.####>.........###....#
....'.........oo@.....#
.####.........####...##
## ##.......## .## #
##.....## # ##...##
##'## #.# #######.#
#.....#÷###


You could see 2 orcs.

Vanquished Creatures
  Sigmund (D:3)
  An orc priest (D:3)
  2 orc wizards
  Robin (D:3)
  3 adders
  A gnoll (D:3)
  A shadow imp (D:3)
  An ooze (D:1)
  3 worms (D:2)
  7 giant geckos
  11 orcs
  A ball python (D:2)
  25 goblins
  12 hobgoblins
  9 jackals
  9 bats
  2 giant cockroaches (D:3)
  3 giant newts
  3 kobolds
  A quokka (D:3)
  6 rats
103 creatures vanquished.

Notes
Turn   | Place    | Note
--------------------------------------------------------------
     0 | D:1      | KINGKRU the High Elf Hunter began the quest for the Orb.
     0 | D:1      | Reached XP level 1. HP: 14/14 MP: 2/2
   387 | D:1      | Reached skill level 6 in Bows
   387 | D:1      | Reached XP level 2. HP: 19/19 MP: 3/3
   699 | D:1      | You fall through a shaft!
   720 | D:2      | Found a basalt altar of Yredelemnul.
   777 | D:2      | Reached XP level 3. HP: 24/24 MP: 4/4
  1019 | D:1      | Gained mutation: You have a pair of small horns on your head. [potion of mutation]
  1019 | D:1      | Gained mutation: You evolve. [potion of mutation]
  1019 | D:1      | Gained mutation: Scrolls take you a little longer to read. [potion of mutation]
  1464 | D:2      | Became a worshipper of Yredelemnul the Dark
  1610 | D:2      | Reached XP level 4. HP: 22/29 MP: 5/5
  2275 | D:2      | HP: 1/29 [poisoned by an adder]
  2872 | D:3      | Reached skill level 7 in Bows
  2872 | D:3      | Reached XP level 5. HP: 22/35 MP: 6/6
  3043 | D:3      | Noticed Sigmund
  3050 | D:3      | Killed Sigmund
  3050 | D:3      | Reached skill level 1 in Armour
  3050 | D:3      | Reached XP level 6. HP: 35/41 MP: 7/7
  3303 | D:3      | Acquired Yredelemnul's first power
  3408 | D:3      | Noticed Robin
  3426 | D:3      | Killed Robin
  3693 | D:3      | Found a white marble altar of Elyvilon.
  3857 | D:3      | Found a blossoming altar of Fedhas.
  4068 | D:3      | Found a deep blue altar of Sif Muna.
  4077 | D:3      | Found a shimmering altar of Xom.
  4086 | D:3      | Found a glowing silver altar of Zin.
  4146 | D:3      | Found Gozag's Platinum Reserve.
  4152 | D:3      | Found an opulent altar of Gozag.
  4387 | D:3      | Found a snail-covered altar of Cheibriados.
  4387 | D:3      | Found a stormy altar of Qazlal.
  4488 | D:3      | Upgraded the game from 0.17-a0-1617-gfba1302 to 0.17-a0-1629-g32e70c7
  4696 | D:4      | Reached skill level 1 in Polearms
  4696 | D:4      | Reached skill level 8 in Bows
  4708 | D:3      | HP: 2/41 [orc/short sword (1)]
  4749 | D:3      | Slain by an orc

Vault maps used:
D:1:      lightli_arrival_noodles, serial_forest, infiniplex_forest_fountain,
          infiniplex_forest_clump_diagonal, infiniplex_forest_diagonal,
          infiniplex_forest_clump_medium, infiniplex_forest_lined_1,
          infiniplex_forest_corner_1, infiniplex_forest_clump_small,
          infiniplex_forest_lined_corner, infiniplex_forest_3_way
D:2:      nicolae_overflow_crystal_walls, minmay_joined_circles, uniq_jessica
D:3:      kennysheep_goblin_castle, nicolae_overflow_hidden_temple,
          grunt_temple_overflow_diamond, grunt_temple_overflow_open,
          nicolae_gozag_zags_fifth_avenue, uniq_crazy_yiuf_cottage, uniq_sigmund

Action                   |  1- 3 |  4- 6 || total
-------------------------+-------+-------++-------
Melee: Spear             |    19 |    89 ||   108
       Shortbow          |       |     1 ||     1
 Fire: Shortbow          |    75 |    93 ||   168
  Use: Potion            |     2 |     4 ||     6
       Scroll            |     1 |     5 ||     6
  Eat: Bread ration      |     1 |     1 ||     2
       Beef jerky        |       |     2 ||     2
